 Dungeon Crawl Stone Soup version 0.17.1-1-g73c8601 (webtiles) character file.

96 Kartoffel the Conjurer (level 4, 0/33 HPs)
             Began as a Draconian Conjurer on Dec 23, 2015.
             Slain by an orc wizard
             ... wielding a +0 dagger
              (1 damage)
             ... on level 3 of the Dungeon.
             The game lasted 00:05:08 (2166 turns).

Kartoffel the Conjurer (Draconian Conjurer)         Turns: 2166, Time: 00:05:08

Health: 0/33       AC:  5    Str: 11    XL:     4   Next: 41%
Magic:  1/7        EV: 12    Int: 15    God:
Gold:   273        SH:  0    Dex: 12    Spells: 2 memorised, 4 levels left

rFire  . . .     SeeInvis .     i - +1 dagger (holy)
rCold  . . .     Clarity  .     (armour unavailable)
rNeg   . . .     SustAt   .     (no shield)
rPois  .         Gourm    .     (helmet restricted)
rElec  .         Spirit   .     (no cloak)
rCorr  .         Warding  .     (no gloves)
rMut   .         Stasis   .     (no boots)
MR     .....                    (no amulet)
Stlth  ++........               (no ring)
                                (no ring)

@: not resistant to hostile enchantments, unstealthy
A: unfitting armour, cold-blooded, AC +5
a: no special abilities


You were on level 3 of the Dungeon.
You were not hungry.

You visited 1 branch of the dungeon, and saw 3 of its levels.

You collected 273 gold pieces.

Inventory:

Hand Weapons
 d - a +0 dagger
 i - a +1 dagger of holy wrath (weapon)
Jewellery
 q - an uncursed amulet of the gourmand
Wands
 p - a wand of confusion (28)
Scrolls
 c - a scroll of teleportation
 l - 3 scrolls of identify
Potions
 e - a potion of might {unknown}
 h - a potion of curing {unknown}
 j - a potion of flight {unknown}
 k - a potion of ambrosia {unknown}
 m - a potion of berserk rage {unknown}
 o - 2 potions of heal wounds {unknown}
Books
 a - a book of Conjurations

   Spells                             Type                      Level
   a - Magic Dart                     Conjuration                  1
   b - Searing Ray                    Conjuration                  2
   c - Dazzling Spray                 Conjuration/Hexes            3
   d - Fulminant Prism                Conjuration/Hexes            4
   e - Iskenderun's Mystic Blast      Conjuration                  4
   f - Iskenderun's Battlesphere      Conjuration/Charms           5
Comestibles
 b - a bread ration
 f - 4 meat rations
 g - a beef jerky


   Skills:
 - Level 1.7 Dodging
 - Level 1.7 Stealth
 - Level 2.0 Spellcasting
 * Level 5.9 Conjurations


You had 4 spell levels left.
You knew the following spells:

 Your Spells              Type           Power        Failure   Level  Hunger
a - Magic Dart            Conj           ###.         1%          1    #......
b - Searing Ray           Conj           ###...       3%          2    ###....


Dungeon Overview and Level Annotations

Branches:
Dungeon (3/15)

Altars:


Innate Abilities, Weirdness & Mutations

Your plain brown scales are hard (AC +5).
Your body does not fit into most forms of armour.
You are cold-blooded and may be slowed by cold attacks.


Message History

You closely miss something. Something hits you.
Something hits you but does no damage.
You hit something but do no damage. Something hits you.
You miss something. Something hits you but does no damage. Something hits you.
You hit something. Something hits you but does no damage.
You barely miss something. Something hits you but does no damage.
Something hits you but does no damage.
You hit something.
You hear some strange, mumbled words.
A puff of flame appears from out of thin air!
The puff of flame hits you!
* * * LOW HITPOINT WARNING * * *
You hit something but do no damage. Something hits you.
* * * LOW HITPOINT WARNING * * *
Something hits you.
* * * LOW HITPOINT WARNING * * *
You closely miss something. Something hits you.
* * * LOW HITPOINT WARNING * * *
You barely miss something. Something hits you.
You die...

#.#
#...#
.......#
#.#
#.###
......#
#.# #.#
.....#
#.# #.#
.....
#.# #.#
...# #.#
#.# .o#
#.# #.#
#{# #.#
#.# #@#
#.# #.#
#.###.#
#.#
#.....#
#.#
#######
#.# #.#
#.####
#....#
####.#
#.#


You could see an orc.

Vanquished Creatures
  4 adders (D:2)
  2 worms
  A giant gecko (D:3)
  4 orcs (D:3)
  4 giant cockroaches
  8 hobgoblins
  8 jackals
  3 bats
  2 giant newts
  7 goblins
  A kobold (D:2)
  A quokka (D:2)
  5 rats
50 creatures vanquished.

Notes
Turn   | Place    | Note
--------------------------------------------------------------
     0 | D:1      | Kartoffel the Draconian Conjurer began the quest for the Orb.
     0 | D:1      | Reached XP level 1. HP: 14/14 MP: 3/3
   321 | D:1      | Reached XP level 2. HP: 14/20 MP: 1/5
   661 | D:1      | Learned a level 2 spell: Searing Ray
  1010 | D:2      | Reached skill level 5 in Conjurations
  1010 | D:2      | Reached XP level 3. HP: 23/26 MP: 3/6
  1540 | D:2      | Reached XP level 4. HP: 22/33 MP: 4/7
  2165 | D:3      | HP: 1/33 [something (1)]
  2166 | D:3      | Slain by an orc wizard

Action                   |  1- 3 |  4- 6 || total
-------------------------+-------+-------++-------
Melee: Dagger            |    59 |    26 ||    85
       Unarmed           |     8 |       ||     8
 Cast: Magic Dart        |    66 |    23 ||    89
       Searing Ray       |       |     1 ||     1
  Use: Scroll            |     3 |     3 ||     6
  Eat: Chunk             |     2 |       ||     2
       Bread ration      |       |     1 ||     1
